 Dungeon Crawl Stone Soup version 0.26-a0-393-g67388ea477 (webtiles) character file.

Game seed: 13950338544330379187

265 KristoblXynda the Charlatan (level 5, 0/45 HPs)
             Began as a Draconian Artificer on July 22, 2020.
             Slain by Grinder (7 damage)
             ... while paralysed by Grinder
             ... on level 4 of the Dungeon.
             The game lasted 00:05:35 (3634 turns).

KristoblXynda the Charlatan (Draconian Artificer)   Turns: 3634, Time: 00:05:35

Health: 0/45       AC:  6    Str: 21    XL:     5   Next: 99%
Magic:  5/5        EV:  2    Int: 12    God:
Gold:   223        SH:  0    Dex: 11    Spells: 4/4 levels left

rFire    . . .     SeeInvis +   v - +0 long sword
rCold    . . .     Faith    .   (no shield)
rNeg     . . .     Spirit   .   (armour unavailable)
rPois    .         Reflect  .   x - +0 hat
rElec    .         Harm     .   r - +0 cloak
rCorr    .                      (no gloves)
MR       .....                  (no boots)
Stlth    ++........             (no amulet)
HPRegen  0.15/turn              y - ring of see invisible
MPRegen  0.09/turn              g - +6 ring of strength

@: paralysed
A: unfitting armour, cold-blooded, AC +5
a: no special abilities


You were on level 4 of the Dungeon.
You visited 1 branch of the dungeon, and saw 4 of its levels.

You collected 223 gold pieces.

Inventory:

Hand Weapons
 a - a +0 spectral club
 v - a +0 long sword (weapon)
Missiles
 q - a throwing net (quivered)
Armour
 r - a +0 cloak (worn)
 x - a +0 hat (worn)
Jewellery
 g - a +6 ring of strength (right hand)
 s - an uncursed ring of protection from fire
 y - a ring of see invisible (left hand)
Wands
 b - a wand of flame (15)
 c - a wand of enslavement (15)
 d - a wand of random effects (12)
 A - a wand of iceblast (4)
Scrolls
 f - 3 scrolls of teleportation
 i - a scroll of fog
 k - a scroll of noise {unknown}
 l - 4 scrolls of remove curse
 o - a scroll of magic mapping {unknown}
 p - 2 scrolls of amnesia {unknown}
 u - a scroll of immolation {unknown}
 B - a scroll of enchant armour {unknown}
Potions
 e - 2 potions of heal wounds
 j - a potion of might
 m - a potion of curing
 t - a potion of haste {unknown}
 w - a potion of stabbing
 z - a potion of lignification


   Skills:
 - Level 3.0 Fighting
 * Level 1.9 Long Blades
 + Level 3.6 Dodging
 - Level 1.4 Stealth
 + Level 4.4 Evocations


You had 4 spell levels left.
You didn't know any spells.
Your spell library contained the following spells:

 Spells                   Type           Power        Failure   Level
 Animate Skeleton         Necr           #.....       32%         1
 Magic Dart               Conj           #...         32%         1
 Pain                     Necr           #...         32%         1
 Blink                    Tloc           N/A          45%         2
 Call Imp                 Summ           #.......     45%         2
 Slow                     Hex            #.......     45%         2
 Conjure Flame            Conj/Fire      #.......     69%         3
 Mephitic Cloud           Conj/Pois/Air  #.......     69%         3
 Vampiric Draining        Necr           #.........   69%         3
 Animate Dead             Necr           #.........   97%         4
 Agony                    Necr           #.......     100%        5


Dungeon Overview and Level Annotations

Branches:
Dungeon (4/15)
 Temple: D:4-7

Altars:
Elyvilon
Ru
The Shining One

Annotations:
D:4 Grinder


Innate Abilities, Weirdness & Mutations

Your plain brown scales are hard. (AC +5)
You cannot fit into any form of body armour.
You are cold-blooded and may be slowed by cold attacks.


Message History

Grinder gestures at you. Pain shoots through your body!
Evoke which item? (* to show all) (? for menu, Esc to quit)
Aiming: Random Effects
Press: ? - help, Shift-Dir - straight line, f/p - Grinder
Aim: Grinder (fast)
The fireball explodes!
The fireball engulfs Grinder!!
Grinder is heavily wounded.
You hear an angry hiss.
Grinder hits you.
You writhe in agony.
You closely miss Grinder.
Grinder is heavily wounded.
Grinder hits you.
* * * LOW HITPOINT WARNING * * *
You writhe in agony.
* * * LOW HITPOINT WARNING * * *
Grinder gestures at you.
You suddenly lose the ability to move!
Grinder hits you!
You die...

#.# .# ##.##
##...### ..#...
##..[# #..#.#
#.†..# #@####
###5####..
#..........
#####.#.####...
.#............#
#.......<.#####
.....##.###
...#>...# ##
..####


You could see Grinder (fast).

Vanquished Creatures
  A howler monkey (D:4)
  A bullfrog skeleton (D:4)
  8 adders
  An ooze (D:3)
  3 worms
  A dart slug (D:1)
  3 leopard geckos
  4 orcs (D:3)
  3 ball pythons
  7 giant cockroaches
  15 goblins
  10 hobgoblins
  11 jackals
  10 bats
  5 frilled lizards
  7 kobolds
  14 rats
104 creatures vanquished.

Notes
Turn   | Place    | Note
-------+----------+-------------------------------------------
     0 | D:1      | KristoblXynda the Draconian Artificer began the quest for
                  | the Orb.
     0 | D:1      | Reached XP level 1. HP: 16/16 MP: 1/1
    67 | D:1      | Reached skill level 1 in Stealth
   123 | D:1      | Reached XP level 2. HP: 13/23 MP: 2/2
   635 | D:1      | Reached XP level 3. HP: 17/28 MP: 3/3
  1290 | D:2      | You fall into a shaft and drop 1 floor!
  1302 | D:3      | Reached XP level 4. HP: 16/36 MP: 4/4
  1647 | D:3      | Found a glowing golden altar of the Shining One.
  1648 | D:3      | Found a white marble altar of Elyvilon.
  1650 | D:3      | Found a sacrificial altar of Ru.
  2060 | D:2      | Reached skill level 4 in Evocations
  2659 | D:3      | Reached XP level 5. HP: 41/44 MP: 5/5
  3148 | D:3      | Reached skill level 1 in Long Blades
  3624 | D:4      | Noticed Grinder
  3626 | D:4      | Paralysed by Grinder for 3 turns
  3633 | D:4      | Paralysed by Grinder for 7 turns
  3634 | D:4      | Slain by Grinder

Illustrated notes

Levels and vault maps discovered:
D:1:      ncdulo_watergridlock, layout_basic
D:2:      layout_basic, serial_curves, eino_curves_02, eino_curves_03,
          eino_curves_03, eino_curves_03, minmay_rat_gold_closets
D:3:      layout_basic, chequers_temple_overflow_statue_of_worship,
          minmay_joined_circles
D:4:      layout_loops_ring, old_standard_altar,
          gammafunk_temple_overflow_statue, uniq_grinder, uniq_duvessa,
          uniq_natasha

Skill      XL: |  1  2  3  4  5 |
---------------+----------------+-----
Stealth        | 1 |  1.4
Fighting       | 2 3 |  3.0
Dodging        | 3 |  3.6
Evocations     | 4 |  4.4
Long Blades    | 1 |  1.9

Action                   |  1- 3 |  4- 6 || total
-------------------------+-------+-------++-------
Melee: Club              |    32 |       ||    32
       Tailslap          |    14 |    18 ||    32
       Hand axe          |   107 |   116 ||   223
       Long sword        |       |    54 ||    54
Evoke: Wand              |       |     3 ||     3
  Use: Scroll            |       |     8 ||     8
 Stab: Sleeping          |     5 |     2 ||     7
Armor: Skin              |    58 |    64 ||   122
Dodge: Dodged            |   123 |   142 ||   265
       Rpst.: Long sword |       |    11 ||    11

Table legend: (Time is in decaauts)
 A = Elapsed time spent in this place.
 B = Non-inter-level travel time spent in this place.
 C = Inter-level travel time spent in this place.
 D = Time resting spent in this place.
 E = Time spent auto-exploring this place.
 F = Levels seen in this place.
 G = Mean time per level.
                   A        B        C        D        E       F      G
               +--------+--------+--------+--------+--------+-----+--------+
         Total |   3727 |   3644 |     83 |    592 |   2130 |   4 |  931.8 |
       Dungeon |   3727 |   3644 |     83 |    592 |   2130 |   4 |  931.8 |
               +--------+--------+--------+--------+--------+-----+--------+

Top non-repeatable levels by time:
     D:3: 1825 daAuts
     D:2: 952 daAuts
     D:1: 900 daAuts
     D:4: 49 daAuts
